 Dungeon Crawl Stone Soup version 0.31-a0-764-g8440623082 (webtiles) character file.

Game seed: 11496012038725876987

217 Descartes the Shield-Bearer (level 6, -5/49 HPs)
             Began as a Formicid Fighter on Sept 15, 2023.
             Killed by nerve-wracking pain
             ... invoked by Menkaure
              (8 damage)
             ... on level 4 of the Dungeon.
             The game lasted 00:03:08 (2602 turns).

Descartes the Shield-Bearer (Formicid Fighter)      Turns: 2602, Time: 00:03:10

Health: -5/49      AC:  9    Str: 21    XL:     6   Next: 16%
Magic:  6/6        EV:  8    Int:  7    God:
Gold:   187        SH:  5    Dex: 15    Spells: 5/5 levels left

rFire   . . .        a - +0 war axe
rCold   . . .        c - +0 buckler
rNeg    . . .        r - +0 chain mail
rPois   .            (helmet unavailable)
rElec   .            (no cloak)
rCorr   .            (no gloves)
SInv    +            (no boots)
Will    .....        (no amulet) Stlth
                     (no ring)
HPRegen 0.28/turn    (no ring)
MPRegen 0.10/turn

%: no passive effects
@: no status effects
A: permanent stasis, dig shafts and tunnels, antennae 3, four strong arms
a: Dig, Shaft Self


You were on level 4 of the Dungeon.
You visited 1 branch of the dungeon, and saw 4 of its levels.

You collected 187 gold pieces.

Inventory:

Hand Weapons
 a - a +0 war axe (weapon)
Missiles
 m - 6 poisoned darts
 n - 11 javelins
Armour
 b - a +0 scale mail
 c - a +0 buckler (worn)
 r - a +0 chain mail (worn)
Scrolls
 k - a scroll of silence {unknown}
 l - 7 scrolls of identify {unknown}
 o - a scroll of teleportation {unknown}
 q - a scroll of immolation {unknown}
 s - 2 scrolls of blinking {unknown}
Potions
 d - a potion of might
 e - 2 potions of berserk rage {unknown}
 f - 4 potions of mutation {unknown}
 g - a potion of enlightenment {unknown}
 h - 2 potions of lignification {unknown}
 i - a potion of curing {unknown}
 j - a potion of heal wounds {unknown}
 p - a potion of attraction {unknown}


   Skills:
 + Level 4.4 Fighting
 + Level 3.3 Axes
 + Level 4.5 Armour
 + Level 5.4 Shields


You had 5 spell levels left.
You didn't know any spells.
Your spell library contained the following spells:

 Spells                   Type           Power      Damage    Failure   Level
 Foxfire                  Conj/Fire      0%         2x1d4     98%         1
 Shock                    Conj/Air       0%         1d3       98%         1
 Summon Small Mammal      Summ           0%         N/A       98%         1
 Sublimation of Blood     Necr           0%         N/A       99%         2
 Wereblood                Tmut           0%         N/A       99%         2
 Plasma Beam              Fire/Air       0%         2x1d10    100%        6
 Starburst                Conj/Fire      0%         6d3       100%        6
 Summon Hydra             Summ           0%         N/A       100%        7


Dungeon Overview and Level Annotations

Branches:
Dungeon (4/15)
 Temple: D:4-7

Altars:
Sif Muna

Annotations:
D:4 Menkaure


Innate Abilities, Weirdness & Mutations

You cannot be hasted, slowed, berserked, paralysed or teleported.
You can dig through walls and to a lower floor.
You have a pair of large antennae on your head. (SInv)
Your four strong arms can wield two-handed weapons with a shield.


Message History

There are monsters nearby!
The dart slug launches a dart at you.
The slug dart hits you but does no damage.
You slash the dart slug!
You kill the dart slug!
Menkaure, Prince of Dust comes into view.
A dart slug comes into view.
Found a stone staircase leading down.
Menkaure's bandages flutter.
Menkaure calls on the powers of darkness!
Your body is wracked with pain!
The dart slug convulses!
The dart slug briefly extends its eye-stalks.
You barely miss Menkaure.
Menkaure gestures wildly while chanting.
Menkaure seems to speed up.
You hit Menkaure but do no damage. You hit the ball python.
You kill the ball python!
Menkaure calls on the powers of darkness!
Your body is wracked with pain!
The dart slug convulses!
Menkaure hits you!
* * * LOW HITPOINT WARNING * * *
You are too injured to fight recklessly!
You are too injured to fight recklessly!
You are too injured to fight recklessly!
You are too injured to fight recklessly!
You are too injured to fight recklessly!
You are too injured to fight recklessly!
You are too injured to fight recklessly!
You are too injured to fight recklessly!
You are too injured to fight recklessly!
You are too injured to fight recklessly!
You are too injured to fight recklessly!
You are too injured to fight recklessly!
You are too injured to fight recklessly!
You are too injured to fight recklessly!
You are too injured to fight recklessly!
You are too injured to fight recklessly!
Unknown command.
Menkaure casts a spell at you. Pain shoots through your body!
You die...

#........
#........
#........
#........
..<......
#........
##########........
........##<.......
........@.........
........####[..!..
.......M# .?.###
......... .S..
#......... ...##
#....w....> ..#
#........... ..#
#............
#.............


You could see Menkaure (fast) and a dart slug.

Vanquished Creatures
  A phantom (D:3)
  A hound (D:3)
  4 adders
  2 worms (D:2)
  2 dart slugs
  7 endoplasms
  5 giant cockroaches
  8 goblins
  4 hobgoblins
  3 jackals (D:1)
  6 kobolds
  3 quokkas
  6 ball pythons
  6 bats
  A frilled lizard (D:1)
  8 rats
67 creatures vanquished.

Notes
Turn   | Place    | Note
-------+----------+-------------------------------------------
     0 | D:1      | Descartes the Formicid Fighter began the quest for the Orb.
     0 | D:1      | Reached XP level 1. HP: 18/18 MP: 1/1
    82 | D:1      | Reached XP level 2. HP: 20/24 MP: 2/2
   491 | D:1      | Reached XP level 3. HP: 29/29 MP: 3/3
   904 | D:2      | Reached XP level 4. HP: 19/37 MP: 4/4
  1867 | D:3      | Reached XP level 5. HP: 42/42 MP: 5/5
  2021 | D:3      | Reached skill level 5 in Shields
  2064 | D:3      | Found a shimmering blue altar of Sif Muna.
  2070 | D:3      | Got Sif Muna's Compilation of Vapour
  2072 | D:3      | Got Sif Muna's Compendium of Summoning
  2075 | D:3      | Got Sif Muna's Vellum of Causimancy
  2532 | D:3      | Noticed a phantom
  2544 | D:3      | Killed a phantom
  2545 | D:3      | Reached XP level 6. HP: 38/49 MP: 6/6
  2598 | D:4      | Noticed Menkaure
  2602 | D:4      | Killed from afar by Menkaure

Illustrated notes

Levels and vault maps discovered:
D:1:      spicycebolla_arrival_clurvy, layout_loops_cross, minmay_octomino_j4
D:2:      layout_loops_ring, minmay_worlds_worst_comb
D:3:      layout_basic, nicolae_sif_muna_little_library, item_on_display_a
D:4:      minmay_octagon_keep, layout_rooms, uniq_menkaure, uniq_ijyb

Skill      XL: |  1  2  3  4  5 |
---------------+----------------+-----
Armour         | 4 |  4.5
Fighting       | 4 |  4.4
Axes           | 3 |  3.3
Shields        | 5 |  5.4

Action                     |  1- 3 |  4- 6 || total
---------------------------+-------+-------++-------
  Melee: War axe           |    92 |   107 ||   199
Ability: Dig               |       |     1 ||     1
 Armour: Scale mail        |    57 |    27 ||    84
         Chain mail        |       |    36 ||    36
  Dodge: Dodged            |    32 |    43 ||    75
  Block: Buckler           |    27 |    32 ||    59

Table legend: (Time is in decaauts)
 A = Elapsed time spent in this place.
 B = Non-inter-level travel time spent in this place.
 C = Inter-level travel time spent in this place.
 D = Time resting spent in this place.
 E = Time spent auto-exploring this place.
 F = Levels seen in this place.
 G = Mean time per level.
                   A        B        C        D        E       F      G
               +--------+--------+--------+--------+--------+-----+--------+
         Total |   2677 |   2650 |     27 |      0 |   2126 |   4 |  669.2 |
       Dungeon |   2677 |   2650 |     27 |      0 |   2126 |   4 |  669.2 |
               +--------+--------+--------+--------+--------+-----+--------+

Top non-repeatable levels by time:
     D:3: 995 daAuts
     D:2: 867 daAuts
     D:1: 807 daAuts
     D:4: 7 daAuts
